 Dungeon Crawl Stone Soup version 0.20-a0-787-g4ba4951 (webtiles) character file.

19817 FrankyJ the Covert (level 12, -5/97 HPs)
             Began as a Vampire Assassin on Feb 27, 2017.
             Was a High Priest of Dithmenos.
             Slain by an ettin
             ... wielding a +0 dire flail
              (19 damage)
             ... on level 1 of the Orcish Mines.
             The game lasted 01:26:55 (24718 turns).

FrankyJ the Covert (Vampire Assassin)              Turns: 24718, Time: 01:26:57

Health: -5/97      AC: 14    Str: 14    XL:     12   Next: 39%
Magic:  14/17      EV: 22    Int: 16    God:    Dithmenos [*****.]
Gold:   814        SH:  4    Dex: 26    Spells: 6/17 levels left

rFire    . . .     SeeInvis +   w - +3 rapier (elec)
rCold    + . .     Gourm    .   f - +1 leather armour "Jyn Kanwa" {Dex+5}
rNeg     + + .     Faith    .   (no shield)
rPois    +         Spirit   .   (no helmet)
rElec    .         Reflect  +   d - +2 cloak
rCorr    .         Harm     .   J - +2 pair of gloves
MR       +....                  l - +2 pair of boots {Stlth+}
Stlth    ++++++++++             u - +4 amulet of reflection
Regen    0.2/turn               Q - +3 ring of dexterity
MPRegen  0.2/turn               x - +4 ring of strength

@: very slightly contaminated, regenerating slowly, wreathed by umbra
A: fangs 3, see invisible, unbreathing
a: Bat Form, Shadow Step, Shadow Form, Renounce Religion


You were on level 1 of the Orcish Mines.
You worshipped Dithmenos.
Dithmenos was extremely pleased with you.
You were very thirsty.

You visited 3 branches of the dungeon, and saw 14 of its levels.

You collected 1039 gold pieces.
You spent 225 gold pieces at shops.

Inventory:

Hand Weapons
 b - a +0 blowgun
 n - a +5 dagger of venom
 t - a +1 scimitar
 w - a +3 rapier of electrocution (weapon)
 K - a +0 dagger of pain
 R - a +1 long sword of holy wrath
Missiles
 e - 7 poisoned needles
 B - 18 tomahawks (quivered)
 N - 2 tomahawks of returning
 P - 6 javelins
Armour
 c - the +4 ring mail of Midnight {Int+2}
   (You took it off an orc on level 4 of the Dungeon)

   It affects your intelligence (+2).
 d - a +2 cloak (worn)
 f - the +1 leather armour "Jyn Kanwa" (worn) {Dex+5}
   (You found it on level 8 of the Dungeon)

   It affects your dexterity (+5).
 l - a +2 pair of boots of stealth (worn)
 v - a +0 robe
 E - a scarf of cold resistance
 J - a +2 pair of gloves (worn)
Jewellery
 a - an uncursed ring of magical power
 u - a +4 amulet of reflection (around neck)
 x - a +4 ring of strength (left hand)
 y - a +2 ring of strength
 H - an uncursed ring of stealth {unknown}
 M - an uncursed amulet of faith {unknown}
 Q - a +3 ring of dexterity (right hand)
 T - an uncursed amulet of guardian spirit {unknown}
Wands
 h - a wand of lightning (7/15)
 G - a wand of flame (41/48)
Scrolls
 i - 4 scrolls of amnesia
 p - 5 scrolls of remove curse
 q - 9 scrolls of teleportation
 s - a scroll of fog
 A - a scroll of fear
 D - 4 scrolls of magic mapping
Potions
 g - 20 potions of blood
 j - 2 potions of haste
 k - 3 potions of flight
 m - 2 potions of agility {unknown}
 o - 8 potions of curing
 r - a potion of heal wounds
 I - a potion of might {unknown}
 O - a potion of invisibility {unknown}
 S - a potion of degeneration {unknown}
Books
 z - a book of Minor Magic

   Spells                             Type                      Level
   a - Magic Dart                     Conjuration                  1
   b - Blink                          Translocation                2
   c - Call Imp                       Summoning                    2
   d - Slow                           Hexes                        2
   e - Conjure Flame                  Conjuration/Fire             3
   f - Mephitic Cloud                 Conjuration/Poison/Air       3
 L - a book of Battle

   Spells                             Type                      Level
   a - Infusion                       Charms                       1
   b - Shroud of Golubria             Charms/Translocation         2
   c - Song of Slaying                Charms                       2
   d - Spectral Weapon                Hexes/Charms                 3
   e - Regeneration                   Charms/Necromancy            3


   Skills:
 - Level 10.3 Fighting
 - Level 10.0 Short Blades
 - Level 2.2 Throwing
 - Level 4.0 Armour
 - Level 10.3 Dodging
 - Level 12.3 Stealth
 + Level 3.4 Spellcasting
 + Level 4.1 Charms
 + Level 4.5 Translocations


You had 6 spell levels left.
You knew the following spells:

 Your Spells              Type           Power        Failure   Level  Hunger
a - Call Imp              Summ           #.......     38%         2    ##.....
b - Blink                 Tloc           N/A          8%          2    ##.....
c - Mephitic Cloud        Conj/Pois/Air  #.......     77%         3    ###....
d - Infusion              Chrm           ###.         4%          1    None
e - Magic Dart            Conj           #...         24%         1    None
f - Shroud of Golubria    Chrm/Tloc      ###.......   8%          2    ##.....


Dungeon Overview and Level Annotations

Branches:
Dungeon (11/15)            Temple (1/1) D:5            Lair (0/6) D:9
    Orc (2/2) D:11
    Elf: Orc:2

Altars:
Ashenzari
Cheibriados
Dithmenos
Elyvilon
Fedhas
Gozag
Hepliaklqana
Kikubaaqudgha
Makhleb
Nemelex Xobeh
Okawaru
Qazlal
Ru
Sif Muna
Trog
Uskayaw
Vehumet
Wu Jian
Xom
Yredelemnul
Zin
The Shining One

Shops:
D:5 =   D:10 }   D:11 [   Orc:2 [

Annotations:
D:8 Gastronok
D:9 exclusion: 2 vampires, Snorg
D:10 exclusion: Snorg


Innate Abilities, Weirdness & Mutations

You heal slowly.
You have razor-sharp teeth.
You have supernaturally acute eyesight. (SInv)
You can survive without breathing.


Message History

Found 18 gold pieces.
Found 25 gold pieces.
Casting: Blink
Confirm with . or Enter, or press ? or * to list all spells.
You blink.
The cyclops throws a large rock.
The large rock hits you!!
* * * LOW HITPOINT WARNING * * *
The cyclops throws a large rock.
The large rock misses you.
The cyclops throws a large rock.
The large rock barely misses you.
The large rock barely misses the ettin.
There is a stone staircase leading up here.
The ettin hits you but does no damage. The ettin misses you.
You climb upwards.
There is a stone staircase leading down here.
Casting: Blink
Confirm with . or Enter, or press ? or * to list all spells.
You miscast Blink.
You are very lightly contaminated with residual magic.
You feel uncomfortable. The ettin closely misses you.
The ettin hits you with a dire flail!!
You die...

###..#.....###.........#
#..........###...#.....##
..........##......#.....#
..........#............##
...........#..........##
...#...................##
.#..##........).......#.##
#....#......)[......##...#
................@C......##
..##.................#..##
..#......................#
...............##.#..#..##
................##...####
.......#.#......###.##
......#..........####
.....###....#....#
.##...#....####.##


You could see an ettin.

Vanquished Creatures
  The ghost of Warped the Slinger, a journeyman DsHu of Nemelex Xobeh (D:11)
  A hydra (D:11)
  A death knight (D:11)
  2 two-headed ogres (D:11)
  Urug (D:10)
  An unseen horror (D:11)
  A deep elf mage (D:10)
  A cyclops (Orc:2)
  Joseph (D:7)
  2 trolls
  The ghost of Nanomashoes the Insei, an amateur DgTm (D:4)
  2 hornets
  A hippogriff (D:11)
  2 wyverns
  A shadow (D:11)
  A vampire (D:9)
  25 yaks
  A basilisk (D:9)
  3 hungry ghosts
  A steam dragon (D:9)
  A two-headed ogre zombie (D:11)
  3 porcupines (D:9)
  2 orc warriors
  A necrophage (D:9)
  4 ice beasts
  3 black bears
  2 phantoms
  A sky beast (D:7)
  9 ogres
  4 crocodiles (D:9)
  6 centaurs
  2 big kobolds
  A gnoll sergeant (D:11)
  A wyvern zombie (D:11)
  7 bullfrogs
  A water moccasin zombie (D:6)
  5 scorpions
  A troll zombie (D:11)
  18 killer bees
  12 wights
  An electric eel (D:11)
  8 howler monkeys
  3 centaur zombies
  5 crimson imps
  Crazy Yiuf (D:7)
  A jelly (D:7)
  6 hounds
  9 orc priests
  3 bullfrog skeletons
  2 gnoll shamans
  13 orc wizards
  2 iguanas
  Natasha (thrice) (D:3)
  8 worker ants
  6 ogre zombies (D:11)
  2 hound zombies
  A hound skeleton (D:4)
  13 gnolls
  A howler monkey skeleton (D:4)
  16 adders
  A shadow imp (D:9)
  An ooze (D:4)
  An adder zombie (D:10)
  3 adder skeletons
  4 worms
  A dart slug (D:1)
  4 leopard geckos
  63 orcs
  2 ball pythons
  5 giant cockroaches
  7 goblins
  9 hobgoblins
  11 jackals
  9 quokkas
  9 bats
  9 frilled lizards
  A goblin zombie (D:11)
  A hobgoblin skeleton (D:11)
  A hobgoblin zombie (D:11)
  22 kobolds
  A leopard gecko skeleton (D:4)
  A leopard gecko zombie (D:7)
  3 orc skeletons (D:11)
  16 orc zombies (D:11)
  A quokka skeleton (D:5)
  2 quokka zombies (D:7)
  14 rats
440 creatures vanquished.

Vanquished Creatures (others)
  A jelly (D:9)
  2 bushes (D:9)
  4 fungi (D:9)
  5 plants (D:9)
12 creatures vanquished.

Grand Total: 452 creatures vanquished

Notes
Turn   | Place    | Note
-------+----------+-------------------------------------------
     0 | D:1      | FrankyJ the Vampire Assassin began the quest for the Orb.
     0 | D:1      | Reached XP level 1. HP: 16/16 MP: 1/1
   402 | D:1      | Reached skill level 6 in Stealth
   511 | D:1      | Reached XP level 2. HP: 22/22 MP: 2/2
  1031 | D:2      | Reached XP level 3. HP: 27/27 MP: 3/3
  1432 | D:2      | Found a blossoming altar of Fedhas.
  1569 | D:2      | Reached XP level 4. HP: 34/34 MP: 4/4
  1986 | D:2      | Found a bloodstained altar of Trog.
  2424 | D:3      | Noticed Natasha
  2425 | D:3      | Killed Natasha
  2591 | D:3      | Found a white marble altar of Elyvilon.
  2615 | D:3      | Reached XP level 5. HP: 17/40 MP: 5/5
  2825 | D:3      | Noticed Natasha
  3069 | D:3      | Killed Natasha
  3437 | D:3      | Found a stormy altar of Qazlal.
  3994 | D:3      | Noticed Natasha
  4013 | D:3      | Killed Natasha
  4013 | D:3      | Reached XP level 6. HP: 38/47 MP: 6/6
  4368 | D:4      | Noticed Nanomashoes's ghost (amateur DgTm)
  5489 | D:4      | Found a shattered altar of Ashenzari.
  5532 | D:4      | Got a brightly glowing ring mail
  5661 | D:4      | Reached XP level 7. HP: 36/54 MP: 7/7
  6757 | D:4      | Killed Nanomashoes's ghost
  6757 | D:4      | Reached skill level 5 in Short Blades
  6757 | D:4      | Reached skill level 5 in Dodging
  7178 | D:4      | Reached skill level 5 in Fighting
  7577 | D:5      | Entered Level 5 of the Dungeon
  7654 | D:5      | Found a shadowy altar of Dithmenos.
  7688 | D:5      | Reached XP level 8. HP: 42/62 MP: 8/8
  8590 | D:5      | Found Melof's Jewellery Boutique.
  8631 | D:5      | Found a staircase to the Ecumenical Temple.
  8678 | Temple   | Entered the Ecumenical Temple
  8685 | Temple   | Became a worshipper of Dithmenos the Shadowed
 10291 | D:6      | Reached * piety under Dithmenos
 10391 | D:6      | Found a shimmering altar of Xom.
 10759 | D:6      | Reached XP level 9. HP: 72/72 MP: 9/9
 12277 | D:7      | Noticed Joseph
 12594 | D:8      | Reached skill level 10 in Short Blades
 12683 | D:8      | Found a burning altar of Makhleb.
 12818 | D:8      | Reached ** piety under Dithmenos
 13790 | D:7      | Reached XP level 10. HP: 62/80 MP: 10/10
 14922 | D:8      | Got a translucent leather armour
 14933 | D:8      | Identified the +1 leather armour "Jyn Kanwa" {Dex+5} (You found it on level 8 of the Dungeon)
 15292 | D:8      | Reached skill level 10 in Dodging
 15676 | D:8      | Noticed Gastronok
 16563 | D:7      | Killed Joseph
 16563 | D:7      | Reached skill level 7 in Stealth
 17100 | D:7      | Reached skill level 8 in Stealth
 17167 | D:7      | Found a runed door.
 17172 | D:7      | Noticed Crazy Yiuf
 17198 | D:7      | Killed Crazy Yiuf
 17335 | D:7      | Reached *** piety under Dithmenos
 17726 | D:9      | Identified the +4 ring mail of Midnight {Int+2} (You took it off an orc on level 4 of the Dungeon)
 17983 | D:9      | Reached skill level 9 in Stealth
 18001 | D:9      | Reached skill level 1 in Armour
 18363 | D:9      | Reached XP level 11. HP: 87/89 MP: 11/11
 18380 | D:9      | Found a staircase to the Lair.
 18455 | D:9      | Found a bloodstained altar of Trog.
 18466 | D:9      | Identified a scroll of acquirement
 18645 | D:9      | Found a radiant altar of Vehumet.
 18673 | D:9      | Learned a level 2 spell: Call Imp
 18676 | D:9      | Learned a level 2 spell: Blink
 18680 | D:9      | Learned a level 3 spell: Mephitic Cloud
 19160 | D:9      | Reached skill level 10 in Stealth
 19347 | D:10     | Entered Level 10 of the Dungeon
 19372 | D:10     | Noticed a deep elf mage
 19375 | D:10     | Killed a deep elf mage
 19461 | D:10     | Noticed Snorg
 19510 | D:10     | Noticed Urug
 19565 | D:10     | Killed Urug
 19641 | D:10     | Reached **** piety under Dithmenos
 19661 | D:10     | Reached skill level 11 in Stealth
 20166 | D:10     | Found Ofeb's Gadget Shoppe.
 20320 | D:10     | Found a stormy altar of Qazlal.
 21626 | D:11     | Reached skill level 10 in Fighting
 21745 | D:11     | Noticed a two-headed ogre
 21967 | D:11     | Noticed a death knight
 21998 | D:10     | Reached skill level 12 in Stealth
 22361 | D:10     | Learned a level 1 spell: Infusion
 22363 | D:10     | Learned a level 1 spell: Magic Dart
 22386 | D:11     | Killed a death knight
 22777 | D:11     | Noticed a four-headed hydra
 22820 | D:11     | Noticed Warped's ghost (journeyman DsHu)
 22838 | D:11     | Noticed a two-headed ogre
 22861 | D:11     | Killed a two-headed ogre
 23017 | D:11     | Learned a level 2 spell: Shroud of Golubria
 23072 | D:11     | Killed Warped's ghost
 23072 | D:11     | Reached skill level 1 in Charms
 23072 | D:11     | Reached skill level 1 in Translocations
 23072 | D:11     | Reached XP level 12. HP: 89/97 MP: 16/16
 23114 | D:11     | Found Ranuumapa's Antique Armour Shop.
 23121 | D:11     | Bought a pair of embroidered boots for 225 gold pieces
 23222 | D:11     | Killed a four-headed hydra
 23765 | D:11     | Reached ***** piety under Dithmenos
 24110 | D:11     | Found a staircase to the Orcish Mines.
 24199 | D:11     | Killed a two-headed ogre
 24293 | Orc:1    | Entered Level 1 of the Orcish Mines
 24510 | Orc:2    | Entered Level 2 of the Orcish Mines
 24573 | Orc:2    | Found Jemu's Antique Armour Emporium.
 24573 | Orc:2    | Noticed an ettin
 24671 | Orc:2    | Noticed an ettin
 24718 | Orc:1    | Slain by an ettin

Vault maps used:
D:1:      matt_arrival_los_fun
D:2:      fedhas_altar_3, first_bread, trog_butcher_becter
D:3:      nicolae_overflow_crystal_walls, elyvilon_altar_5, uniq_natasha
D:4:      lemuel_crystal_altar
D:5:      minmay_temple_entry_poolview, serial_shops, shop,
          nicolae_dithmenos_shadow_blocks
D:6:      xom_teletrap_fun
D:7:      uniq_joseph, uniq_crazy_yiuf_cottage
D:8:      lemuel_crystal_altar, uniq_gastronok
D:9:      lemuel_round_altar, fiery_altar_vehumet, minmay_lair_entry_grove
D:10:     serial_shops, nicolae_shop_crystal, basic_altar, uniq_urug, uniq_snorg
D:11:     zombieorc2_lemuel, serial_shops, shop, minmay_crystal_water
Temple:   nicolae_temple_no_exploring_needed
Orc:2:    grunt_orc_gardens, grunt_orc_garden, grunt_orc_garden,
          grunt_orc_garden, grunt_orc_garden, mines1_david

Skill      XL: |  1  2  3  4  5  6  7  8  9 10 11 12 |
---------------+-------------------------------------+-----
Fighting       | 2 3 4 5 7 8 9 10 | 10.3
Stealth        | 6 9 12 | 12.3
Throwing       | 2 |  2.2
Dodging        | 2 3 4 5 7 10 | 10.3
Short Blades   | 3 4 6 8 10 | 10.0
Armour         | 1 4 |  4.0
Spellcasting   | 3 |  3.4
Charms         | 1 4 |  4.1
Translocations | 1 4 |  4.5

Action                   |  1- 3 |  4- 6 |  7- 9 | 10-12 || total
-------------------------+-------+-------+-------+-------++-------
Melee: Dagger            |    87 |   276 |   594 |   733 ||  1690
       Bite              |     2 |    30 |    80 |   212 ||   324
       Rapier            |       |       |       |   286 ||   286
 Fire: Blowgun           |    27 |    15 |    85 |    67 ||   194
Throw: Throwing net      |       |     1 |       |       ||     1
       Tomahawk          |       |       |    22 |    23 ||    45
       Javelin           |       |       |     6 |       ||     6
 Cast: Infusion          |       |       |       |     3 ||     3
       Blink             |       |       |       |     3 ||     3
       Call Imp          |       |       |       |     1 ||     1
       Shroud of Golubri |       |       |       |     2 ||     2
  Use: Potion            |       |     8 |    15 |    26 ||    49
       Scroll            |       |     3 |    13 |     9 ||    25
 Stab: Sleeping          |     8 |    10 |    11 |    20 ||    49
       Distracted        |       |       |     4 |     5 ||     9
Armor: Robe              |    14 |    27 |    37 |     1 ||    79
       Leather armour    |       |       |       |    80 ||    80
Dodge: Dodged            |    58 |   128 |   282 |   637 ||  1105
Block: Other             |       |    36 |    53 |   116 ||   205
       Reflection        |       |     1 |     3 |     4 ||     8
